cohdb
Replays
Latest Replays
All Replays
Popular Replays
Top Player Replays
Match Explorer
How It Works
Community
CoH3 Stats
Reddit
Sign in to upload your games and track your stats! →
Sign in with Steam
Match 42174015
Unlisted
Match 42174015
Overview
Messages
Build Orders
End
Royal Engineer Section
Construct Section Command Post
Selects Canadian Shock Battlegroup
Infantry Section
Infantry Section
Infantry Section
Construct Field Infirmary
Selects Attacking Spirit
Selects Canadian Shock Section
Selects Incendiary Munitions
Grenade Package
Construct Platoon Command Post
Canadian Shock Section
Vickers Machine Gun Team
Selects Pyrotechnics
Infantry Section
6-pounder Anti-tank Gun Team
Bootyquake
Samuel Bronkowitz
0
0
Comments
sign in to comment!
No comments posted yet!